cohdb
Replays
Latest Replays
All Replays
Popular Replays
Top Player Replays
Match Explorer
How It Works
Community
CoH3 Stats
Reddit
Sign in to upload your games and track your stats! →
Sign in with Steam
Match 45255975
Unlisted
Match 45255975
Overview
Messages
Build Orders
End
Pioneer Squad
Selects Italian Coastal Battlegroup
Selects Coastal Reserves
Coastal Reserve
Coastal Reserve
Coastal Reserve
Coastal Reserve
Construct Infanterie Kompanie
Selects Artillery Officer
Selects Artillery Officer
Medical Bunker
Infanterie Officer Quarters
Artillery Officer
Coastal Reserve
Selects Support Bunkers
Selects Rapid Fortifications
Rapid Fortifications
MG 42 Bunker
Selects Call the Reserves!
Call the Reserves!
Construct Panzergrenadier Kompanie
Coastal Reserve
MG 42 Bunker
MG 42 Bunker
Rapid Fortifications
Medical Bunker
Coastal Reserve
Construct Panzer Kompanie
Call the Reserves!
Selects Coastal Wall
Rapid Fortifications
Medical Bunker
Call the Reserves!
Medical Bunker
Sturmpanzer IV Brummbär
Rapid Fortifications
[=v=]ClaudiaEnfield
⚓️Ruby⚓
*Mule
FeriG
0
0
Comments
sign in to comment!
No comments posted yet!